 Dungeon Crawl Stone Soup version 0.30-a0-930-gb9d0489357 (webtiles) character file.

Game seed: 14217312925171125515

291 12sPaWn12 the Covered (level 6, -5/38 HPs)
             Began as a Gargoyle Fighter on Mar 23, 2023.
             Slain by an ogre
             ... wielding a +0 giant spiked club
              (12 damage)
             ... on level 4 of the Dungeon.
             The game lasted 00:04:14 (2790 turns).

12sPaWn12 the Covered (Gargoyle Fighter)            Turns: 2790, Time: 00:04:15

Health: -5/38      AC: 14    Str: 22    XL:     6   Next: 32%
Magic:  6/6        EV:  9    Int:  8    God:
Gold:   158        SH:  4    Dex:  9    Spells: 5/5 levels left

rFire   . . .      SeeInvis .    a - +0 flail
rCold   . . .      Faith    .    c - +0 buckler
rNeg    + . .      Spirit   .    b - +0 scale mail
rPois   ∞          Reflect  .    (no helmet)
rElec   +          Rampage  .    p - +0 cloak
rCorr   .                        (no gloves)
Will    .....                    s - +0 pair of boots Stlth
                                 n - amulet of the acrobat
HPRegen 0.26/turn                (no ring)
MPRegen 0.10/turn                (no ring)

@: no status effects
A: sickness immunity, AC +4, negative energy resistance 1, electricity
resistance, torment resistance 1, petrification resistance
a: no special abilities


You were on level 4 of the Dungeon.
You visited 1 branch of the dungeon, and saw 4 of its levels.

You collected 158 gold pieces.

Inventory:

Hand Weapons
 a - a +0 flail (weapon)
Armour
 b - a +0 scale mail (worn)
 c - a +0 buckler (worn)
 p - a +0 cloak (worn)
 s - a +0 pair of boots (worn)
Jewellery
 n - an amulet of the acrobat (around neck)
Wands
 z - a wand of flame (11)
Scrolls
 e - 2 scrolls of immolation {unknown}
 f - a scroll of summoning {unknown}
 g - 3 scrolls of teleportation {unknown}
 i - 5 scrolls of fog {unknown}
 j - a scroll of brand weapon {unknown}
 k - a scroll of amnesia {unknown}
 l - a scroll of vulnerability {unknown}
 o - 2 scrolls of identify {unknown}
 v - a scroll of magic mapping {unknown}
 y - a scroll of blinking {unknown}
Potions
 d - 2 potions of might
 h - 3 potions of flight {unknown}
 m - 3 potions of magic {unknown}
 q - 2 potions of mutation {unknown}
 r - 2 potions of resistance {unknown}
 t - a potion of cancellation {unknown}
 u - a potion of heal wounds {unknown}
 w - 2 potions of berserk rage {unknown}
 x - 2 potions of brilliance {unknown}
 A - 2 potions of curing {unknown}


   Skills:
 * Level 4.2 Fighting
 * Level 4.4 Maces & Flails
 * Level 4.4 Armour
 * Level 1.3 Dodging
 * Level 3.9 Shields


You had 5 spell levels left.
You didn't know any spells.
Your spell library contained the following spells:

 Spells                   Type           Power      Damage    Failure   Level
 Apportation              Tloc           0%         N/A       82%         1
 Foxfire                  Conj/Fire      0%         2x1d4     82%         1
 Necrotise                Necr           0%         1d4       82%         1
 Summon Small Mammal      Summ           0%         N/A       82%         1
 Dazzling Flash           Conj/Hex       0%         N/A       99%         3
 Agony                    Necr           0%         N/A       100%        5
 Fireball                 Conj/Fire      0%         3d3       100%        5
 Silence                  Hex/Air        0%         N/A       100%        5
 Starburst                Conj/Fire      0%         6d3       100%        6


Dungeon Overview and Level Annotations

Branches:
Dungeon (4/15)
 Temple: D:4-7

Altars:


Innate Abilities, Weirdness & Mutations

You are immune to sickness and miasma.
Your stone body is resilient. (AC +4)
You are immune to poison.
You resist negative energy. (rN+)
You are resistant to electric shocks. (rElec)
You are resistant to unholy torment.
You are immune to petrification.


Message History

Things that are here:
a +0 club; a goblin corpse
Found 6 poisoned darts.
A - 2 white potions (gained 1)
An ogre comes into view. It is wielding a +0 giant spiked club.
An ogre is nearby!
An ogre is nearby!
An orc comes into view. It is wielding a +0 flail.
The orc shouts!
Okay, then.
You thump the orc!
You kill the orc!
The ogre barely misses you.
You closely miss the ogre. You hit the ogre.
The ogre is lightly wounded.
The ogre hits you with a +0 giant spiked club!!
Ouch! That really hurt!
You barely miss the ogre.
The ogre is lightly wounded.
The ogre hits you but does no damage.
You barely miss the ogre.
The ogre is lightly wounded.
The ogre closely misses you.
You thump the ogre!
The ogre is severely wounded.
You block the ogre's attack.
You barely miss the ogre.
The ogre is heavily wounded.
You barely miss the ogre.
The ogre is heavily wounded.
The ogre completely misses you.
You thump the ogre!
The ogre is almost dead.
The ogre hits you with a +0 giant spiked club!
* * * LOW HITPOINT WARNING * * *
You hit the ogre.
The ogre is almost dead.
The ogre hits you with a +0 giant spiked club!
You die...

#### ... ..#
### o.####
#.. .....
#.##..#
#.....#
######..##.#
#.@O.......#
#.####..####
#.# #..# #.#
#..# #.#
#..# #.#
#..######.
#.#
#........(
#.#
##.#######
##.##


You could see an ogre.

Vanquished Creatures
  A scorpion (D:4)
  A sleepcap (D:4)
  Crazy Yiuf (D:3)
  Jessica (D:2)
  2 adders
  4 gnolls
  3 worms
  7 orcs
  6 endoplasms
  6 giant cockroaches
  9 goblins
  6 hobgoblins
  3 jackals (D:1)
  6 kobolds
  A quokka (D:2)
  4 ball pythons
  7 bats
  3 frilled lizards
  6 rats
77 creatures vanquished.

Vanquished Creatures (others)
  2 plants (D:2)
2 creatures vanquished.

Grand Total: 79 creatures vanquished

Notes
Turn   | Place    | Note
-------+----------+-------------------------------------------
     0 | D:1      | 12sPaWn12 the Gargoyle Fighter began the quest for the Orb.
     0 | D:1      | Reached XP level 1. HP: 14/14 MP: 1/1
   110 | D:1      | Reached XP level 2. HP: 16/19 MP: 2/2
   184 | D:1      | Found a faded altar of an unknown god.
   482 | D:1      | Reached XP level 3. HP: 23/23 MP: 3/3
   946 | D:2      | Reached XP level 4. HP: 24/29 MP: 4/4
  1557 | D:2      | Noticed Jessica
  1562 | D:2      | Reached skill level 1 in Dodging
  1565 | D:2      | Killed Jessica
  1566 | D:2      | Reached XP level 5. HP: 22/33 MP: 5/5
  2558 | D:3      | Found a runed translucent door.
  2559 | D:3      | Noticed Crazy Yiuf
  2569 | D:3      | Killed Crazy Yiuf
  2670 | D:4      | Reached XP level 6. HP: 38/38 MP: 6/6
  2790 | D:4      | Slain by an ogre

Illustrated notes

Levels and vault maps discovered:
D:1:      giann_wishing_wells, layout_basic,
          chequers_ecumenical_altar_simple_redux, hex_intersection
D:2:      minmay_spotlight, layout_basic, serial_forest,
          infiniplex_forest_lined_3_way, infiniplex_forest_lined_2,
          infiniplex_forest_clump_C, infiniplex_forest_split,
          infiniplex_forest_straight_5, infiniplex_forest_straight_2,
          kennysheep_jessica_study
D:3:      layout_loops_ring, kennysheep_potato, uniq_crazy_yiuf_cottage
D:4:      layout_loops_ring, minivault_19, minmay_liquid_box

Skill      XL: |  1  2  3  4  5 |
---------------+----------------+-----
Armour         | 4 |  4.4
Maces & Flails | 3 4 |  4.4
Dodging        | 1 |  1.3
Fighting       | 4 |  4.2
Shields        | |  3.9

Action                     |  1- 3 |  4- 6 || total
---------------------------+-------+-------++-------
  Melee: Flail             |   155 |   154 ||   309
 Armour: Scale mail        |   108 |    65 ||   173
  Dodge: Dodged            |    81 |    77 ||   158
  Block: Buckler           |    40 |    35 ||    75

Table legend: (Time is in decaauts)
 A = Elapsed time spent in this place.
 B = Non-inter-level travel time spent in this place.
 C = Inter-level travel time spent in this place.
 D = Time resting spent in this place.
 E = Time spent auto-exploring this place.
 F = Levels seen in this place.
 G = Mean time per level.
                   A        B        C        D        E       F      G
               +--------+--------+--------+--------+--------+-----+--------+
         Total |   2879 |   2767 |    112 |      0 |   2041 |   4 |  719.8 |
       Dungeon |   2879 |   2767 |    112 |      0 |   2041 |   4 |  719.8 |
               +--------+--------+--------+--------+--------+-----+--------+

Top non-repeatable levels by time:
     D:2: 1283 daAuts
     D:3: 908 daAuts
     D:1: 545 daAuts
     D:4: 142 daAuts
